 Dungeon Crawl Stone Soup version 0.29.1-12-g30fa7ad0bf (webtiles) character file.

Game seed: 17896326533061054674

6014 cheesebisquit the Basher (level 10, 0/93 HPs)
             Began as a Minotaur Berserker on Dec 22, 2022.
             Was a Believer of Trog.
             Slain by an unseen horror (1 damage)
             ... on level 9 of the Dungeon.
             The game lasted 00:28:39 (8558 turns).

cheesebisquit the Basher (Minotaur Berserker)       Turns: 8558, Time: 00:28:40

Health: 0/93       AC: 17    Str: 26    XL:     10   Next: 56%
Magic:  9/9        EV: 11    Int:  4    God:    Trog [**....]
Gold:   405        SH:  5    Dex: 10    Spells: 9/9 levels left

rFire   . . .      SeeInvis .   a - +0 mace
rCold   . . .      Faith    .   (no shield)
rNeg    . . .      Spirit   .   E - +0 chain mail
rPois   .          Reflect  +   (helmet restricted)
rElec   .          Harm     .   (no cloak)
rCorr   .          Rampage  .   B - +0 pair of gloves
Will    .....                   (no boots)
Stlth   ..........              i - amulet of reflection
HPRegen 0.25/turn               h - +4 ring of protection
MPRegen 0.11/turn               r - +4 ring of slaying

@: on berserk cooldown, slowed, very slow
A: horns 2, retaliatory headbutt
a: Renounce Religion, Berserk, Trog's Hand


You were on level 9 of the Dungeon.
You worshipped Trog.
Trog was pleased with you.
You visited 1 branch of the dungeon, and saw 9 of its levels.

You collected 405 gold pieces.

Inventory:

Hand Weapons
 a - a +0 mace (weapon)
 b - a +0 sling
Missiles
 d - 69 stones
 x - 18 poisoned darts (quivered)
Armour
 c - a +0 ring mail
 w - a +1 scale mail of poison resistance
 B - a +0 pair of gloves (worn)
 E - a +0 chain mail (worn)
Jewellery
 h - a +4 ring of protection (left hand)
 i - an amulet of reflection (around neck)
 r - a +4 ring of slaying (right hand)
 s - the ring "Qonkan" {Will+ AC+4}
   (You found it on level 2 of the Dungeon)

   [ring of protection]

   AC:        It affects your AC (+4).
   Will:      It increases your willpower.
 t - a ring of fire
 G - a ring of magical power
Wands
 v - a wand of flame (39)
Scrolls
 e - 4 scrolls of poison {unknown}
 g - 5 scrolls of teleportation
 j - 3 scrolls of enchant armour {unknown}
 k - 2 scrolls of immolation {unknown}
 l - 2 scrolls of noise
 o - 2 scrolls of brand weapon {unknown}
 z - a scroll of amnesia {unknown}
 C - 4 scrolls of enchant weapon {unknown}
 F - a scroll of vulnerability {unknown}
 K - a scroll of magic mapping {unknown}
 L - a scroll of identify
Potions
 f - 5 potions of curing
 m - 2 potions of flight
 n - a potion of heal wounds {unknown}
 p - 2 potions of mutation
 u - 3 potions of lignification
 y - a potion of resistance {unknown}
 A - 2 potions of berserk rage
 D - a potion of brilliance {unknown}
 H - a potion of attraction {unknown}
 I - a potion of experience {unknown}
 J - a potion of cancellation {unknown}
 M - 2 potions of might {unknown}
Miscellaneous
 N - a condenser vane


   Skills:
 + Level 10.2 Fighting
 + Level 10.3 Maces & Flails
 + Level 9.9 Armour
 + Level 9.1 Dodging


You had 9 spell levels left.
You didn't know any spells.
Your spell library was empty.

Dungeon Overview and Level Annotations

Branches:
Dungeon (9/15)             Temple (0/1) D:6
   Lair: D:8-11         Orc: D:9-12

Altars:
Ashenzari
Cheibriados
Dithmenos
Fedhas
Gozag
Kikubaaqudgha
Nemelex Xobeh
Okawaru
Qazlal
Sif Muna
Wu Jian

Shops:
D:7 :

Annotations:
D:3 3 runed translucent doors, PorkyPig's ghost, amateur GrCj
D:6 2 transporters
D:9 3 runed translucent doors, Flarelocke's ghost, journeyman MiFi


Innate Abilities, Weirdness & Mutations

You have a pair of horns on your head.
You reflexively headbutt those who attack you in melee.


Message History

You feel the effects of Trog's Hand fading.
Something hits you but does no damage. Something hits you!
* * * LOW HITPOINT WARNING * * *
Something hits you.
* * * LOW HITPOINT WARNING * * *
Something hits you but does no damage. You block something's attack.
You barely miss something. Something hits you but does no damage.
Something hits you.
* * * LOW HITPOINT WARNING * * *
Something hits you but does no damage. x2
You closely miss something.
Your skin stops crawling.
You feel less strong-willed. Something barely misses you.
Something hits you but does no damage. Something barely misses you.
You hit something but do no damage. Something hits you but does no damage.
Something hits you.
* * * LOW HITPOINT WARNING * * *
Something hits you but does no damage.
You hit something. You headbutt something! Something hits you.
* * * LOW HITPOINT WARNING * * *
Something completely misses you. Something hits you.
* * * LOW HITPOINT WARNING * * *
Okay, then.
Blink to where?
Press: ? - help, Dir - move target
As you read the scroll of blinking, it crumbles to dust.
Something hits you but does no damage. Something hits you but does no damage.
Things that are here:
a +0 falchion; an orc corpse Something hits you but does no damage.
Something hits you.
* * * LOW HITPOINT WARNING * * *
Something hits you but does no damage. Something hits you but does no damage.
Something hits you but does no damage. Something hits you!
* * * LOW HITPOINT WARNING * * *
Something hits you.
You die...

#.##.#.....########......#
#.........## #.#.##.#
####.###### #<#.##.# #.#
#.#.##.# #.## #.#.##.#
#..########## #......#
##.##.......# #.#.##.#
#.##..<....# ##.#.##.#
#.##...@...# #....##.#
#.##.......# #..####.#
#.##.......# #.......#
#.##.......# #.#######
##.##.......# #.#
#..#####)#### #.#
##.######)# #.#
#.....ยง..)######.#######
#..#####.......#.......#


There were no monsters in sight!

Vanquished Creatures
  An ugly thing (D:9)
  Grinder (D:3)
  19 yaks
  2 steam dragons
  A water moccasin (D:6)
  An orc warrior (D:9)
  3 ice beasts
  A black bear (D:4)
  2 centaurs
  A phantom (D:6)
  4 bullfrogs
  A necrophage (D:4)
  2 scorpions (D:6)
  7 wights
  3 howler monkeys
  2 orc priests
  3 hounds
  A gnoll bouda (D:5)
  5 iguanas
  Natasha (D:2)
  8 orc wizards
  5 gnolls (D:5)
  6 adders
  A shadow imp (D:6)
  2 white imps
  An ufetubus (D:4)
  A worm (D:2)
  5 dart slugs
  10 orcs
  8 ball pythons
  4 endoplasms
  5 giant cockroaches
  7 hobgoblins
  2 kobolds
  A quokka (D:3)
  4 bats
  3 frilled lizards
  6 goblins
  5 rats
145 creatures vanquished.

Vanquished Creatures (others)
  2 plants (D:6)
  4 toadstools (D:1)
6 creatures vanquished.

Grand Total: 151 creatures vanquished

Notes
Turn   | Place    | Note
-------+----------+-------------------------------------------
     0 | D:1      | cheesebisquit the Minotaur Berserker began the quest for
                  | the Orb.
     0 | D:1      | Reached XP level 1. HP: 19/19 MP: 0/0
   134 | D:1      | Reached XP level 2. HP: 27/27 MP: 1/1
   705 | D:2      | Reached XP level 3. HP: 26/33 MP: 2/2
   905 | D:2      | Identified the ring "Qonkan" {Will+ AC+4}
  1023 | D:2      | Noticed Natasha
  1026 | D:2      | Killed Natasha
  1027 | D:2      | Reached XP level 4. HP: 29/40 MP: 3/3
  1383 | D:2      | Reached ** piety under Trog
  1669 | D:3      | Noticed PorkyPig's ghost (amateur GrCj)
  1669 | D:3      | Found a runed translucent gate.
  1669 | D:3      | Found a runed translucent gate.
  1669 | D:3      | Found a runed translucent gate.
  1733 | D:3      | Found a blossoming altar of Fedhas.
  1874 | D:3      | Found a faded altar of an unknown god.
  1918 | D:3      | Noticed Grinder
  1924 | D:3      | Killed Grinder
  1925 | D:3      | Reached skill level 5 in Fighting
  1925 | D:3      | Reached skill level 5 in Maces & Flails
  1925 | D:3      | Reached XP level 5. HP: 48/48 MP: 4/4
  1925 | D:3      | Reached XP level 6. HP: 56/56 MP: 5/5
  2362 | D:4      | Found a glowing drain.
  2465 | D:4      | Reached skill level 5 in Armour
  3190 | D:5      | Entered Level 5 of the Dungeon
  3197 | D:5      | Reached XP level 7. HP: 60/62 MP: 6/6
  3729 | D:5      | Reached skill level 5 in Dodging
  4714 | D:6      | Reached XP level 8. HP: 71/71 MP: 7/7
  4929 | D:6      | Found a sparkling altar of Nemelex Xobeh.
  4930 | D:6      | Found an opulent altar of Gozag.
  4995 | D:6      | Noticed a kobold demonologist
  4996 | D:6      | Found a transporter.
  5021 | D:6      | Found a transporter.
  5280 | D:6      | Found a staircase to the Ecumenical Temple.
  6120 | D:8      | Reached *** piety under Trog
  6206 | D:7      | Reached XP level 9. HP: 81/81 MP: 8/8
  6497 | D:7      | Found Kiuruj's Book Shoppe.
  6664 | D:8      | Found an iron altar of Okawaru.
  7579 | D:8      | Found a shimmering blue altar of Sif Muna.
  7580 | D:8      | Found a shadowy altar of Dithmenos.
  7580 | D:8      | Found a broken altar of Ashenzari.
  7580 | D:8      | Found an ornate altar of the Wu Jian Council.
  7581 | D:8      | Found an ancient bone altar of Kikubaaqudgha.
  7583 | D:8      | Found a stormy altar of Qazlal.
  7585 | D:8      | Found a snail-covered altar of Cheibriados.
  7717 | D:9      | Reached XP level 10. HP: 45/91 MP: 9/9
  8030 | D:9      | Found a runed translucent gate.
  8031 | D:9      | Found a runed translucent gate.
  8031 | D:9      | Found a runed translucent gate.
  8031 | D:9      | Noticed a spectral centaur warrior
  8037 | D:9      | Noticed Flarelocke's ghost (journeyman MiFi)
  8135 | D:9      | Reached skill level 10 in Maces & Flails
  8138 | D:9      | Reached skill level 10 in Fighting
  8315 | D:9      | Noticed a white ugly thing
  8323 | D:9      | Killed a white ugly thing
  8557 | D:9      | HP: 1/93 [something (9)]
  8558 | D:9      | Slain by an unseen horror

Illustrated notes

Levels and vault maps discovered:
D:1:      ldierk_walled_garden_2, layout_rooms, chequers_serial_rivers_small_a,
          chequers_serial_rivers_small_3
D:2:      layout_basic, uniq_natasha
D:3:      layout_rooms, fedhas_altar_1, hellmonk_ecumenical_altar_inner_sanctum,
          gammafunk_ghost_split, uniq_grinder
D:4:      layout_gridville, cheibrodos_sewer_entry_drain
D:5:      layout_basic
D:6:      gammafunk_wand_slinger, layout_loops_corners,
          grunt_temple_overflow_opulence, minmay_temple_entry_overgrown,
          kennysheep_generic_room_4
D:7:      layout_rooms, serial_shops, kennysheep_mini_moat
D:8:      layout_basic, minitemple, nicolae_hexahallways
D:9:      layout_loops_cross, gammafunk_ghost_necromancy

Skill      XL: |  1  2  3  4  5  6  7  8  9 10 |
---------------+-------------------------------+-----
Maces & Flails | 4 5 6 7 9 10 | 10.3
Fighting       | 4 5 6 7 9 10 | 10.2
Armour         | 3 4 5 6 7 9 |  9.9
Dodging        | 3 4 5 6 8 9 |  9.1

Action                   |  1- 3 |  4- 6 |  7- 9 | 10-12 || total
-------------------------+-------+-------+-------+-------++-------
Melee: Mace              |    57 |    64 |   216 |    57 ||   394
       Headbutt          |     8 |     8 |    51 |    10 ||    77
       Punch             |     1 |     1 |     2 |       ||     4
Invok: Berserk           |       |     1 |     5 |     3 ||     9
       Trog's Hand       |       |     1 |     5 |     2 ||     8
  Use: Scroll            |       |     6 |     4 |     1 ||    11
Armor: Ring mail         |    19 |    28 |       |       ||    47
       Animal skin       |     1 |       |       |       ||     1
       Chain mail        |       |     3 |   138 |    37 ||   178
Dodge: Dodged            |    35 |    40 |   113 |    19 ||   207
Block: Other             |       |       |    36 |    11 ||    47
       Reflection        |       |       |     2 |       ||     2
